 Dungeon Crawl Stone Soup version bcrawl-1.22 (webtiles) character file.

Game seed: 17467506268922617848

189 pasperui the Ducker (level 5, -6/47 HPs)
             Began as a Gnoll Reaver on May 13, 2020.
             Was a Believer of Vehumet.
             Killed by divine providence
             ... invoked by an orc priest
              (10 damage)
             ... on level 3 of the Dungeon.
             The game lasted 00:05:02 (1831 turns).

pasperui the Ducker (Gnoll Reaver)                  Turns: 1831, Time: 00:05:02

Health: -6/47      AC:  5    Str: 15    XL:     5   Next: 68%
Magic:  2/12       EV: 16    Int: 16    God:    Vehumet [**....]
Gold:   276        SH:  1    Dex: 13    Spells: 12/14 levels left

rFire    . . .     SeeInvis .   a - +0 long sword
rCold    . . .     Gourm    .   (no shield)
rNeg     . . .     Faith    .   b - +0 steam dragon scales
rPois    .         Spirit   .   (no helmet)
rElec    .         Reflect  .   (no cloak)
rCorr    .         Harm     .   (no gloves)
MR       .....                  (no boots)
Stlth    ++........             (no amulet)
HPRegen  0.15/turn              (no ring)
MPRegen  0.13/turn              (no ring)

@: no status effects
A: distributed training, fangs 1, strong nose
a: Renounce Religion


You were on level 3 of the Dungeon.
You worshipped Vehumet.
Vehumet was pleased with you.
You were not hungry.

You visited 1 branch of the dungeon, and saw 3 of its levels.

You collected 276 gold pieces.

Inventory:

Hand Weapons
 a - a +0 long sword (weapon)
 g - a +0 spear
 q - a +3 dagger
Missiles
 f - 268 poisoned needles
 h - 1068 stones (quivered)
 j - 127 arrows
 m - 102 javelins
 s - 72 needles of confusion
Armour
 b - +0 steam dragon scales (worn)
 t - a +0 medium shield
Scrolls
 d - a scroll of immolation
 i - a scroll of remove curse {unknown}
 k - a scroll of amnesia {unknown}
 u - a scroll of enchant armour {unknown}
 v - a scroll of teleportation {unknown}
Potions
 c - a potion of haste
 l - a potion of heal wounds {unknown}
 n - a potion of might {unknown}
 o - a potion of invisibility {unknown}
 r - a potion of degeneration {unknown}
Comestibles
 e - 3 rations {!d}
 p - 3 chunks of flesh


   Skills:
 + Level 6.7 Fighting
 + Level 1.5 Short Blades
 + Level 6.7 Long Blades
 + Level 1.5 Axes
 + Level 1.5 Maces & Flails
 + Level 1.5 Polearms
 + Level 1.5 Staves
 + Level 1.5 Slings
 + Level 1.5 Bows
 + Level 1.5 Crossbows
 + Level 1.5 Throwing
 + Level 1.5 Armour
 + Level 6.7 Dodging
 + Level 1.5 Stealth
 + Level 1.5 Shields
 + Level 1.5 Unarmed Combat
 + Level 5.2 Spellcasting
 + Level 1.2 Conjurations
 + Level 1.2 Hexes
 + Level 1.2 Charms
 + Level 1.2 Summonings
 + Level 1.2 Necromancy
 + Level 1.2 Translocations
 + Level 1.2 Transmutations
 + Level 1.2 Fire Magic
 + Level 1.2 Ice Magic
 + Level 1.2 Air Magic
 + Level 1.2 Earth Magic
 + Level 1.2 Poison Magic
 + Level 1.7 Invocations
 + Level 1.5 Evocations


You had 12 spell levels left.
You knew the following spells:

 Your Spells              Type           Power        Failure   Level  Hunger
a - Sandblast             Erth           #.....       2%          1    None
b - Shock                 Conj/Air       #....        2%          1    None

Your spell library contained the following spells:

 Spells                   Type           Power        Failure   Level  Hunger
 Iskenderun's Battlesphe  Conj/Chrm      #.......     52%         5    ######.


Dungeon Overview and Level Annotations

Branches:
Dungeon (3/12)

Altars:
Fedhas
Yredelemnul


Innate Abilities, Weirdness & Mutations

Your experience applies equally to all skills.
You have very sharp teeth.
Your uncanny sense of smell can sniff out nearby items.


Message History

Aim: an orc priest, wielding a +0 hand axe and wearing a +0 chain mail (lightly wounded)
The zap hits the orc priest.
The orc priest is moderately wounded.
Casting: Shock (safe; 2% risk of failure)
Confirm with . or Enter, or press ? or * to list all spells.
Aiming: Shock (safe; 2% risk of failure)
Press: ? - help, Shift-Dir - straight line, f/p - orc priest
Aim: an orc priest, wielding a +0 hand axe and wearing a +0 chain mail (moderately wounded)
The zap hits the orc priest.
The orc priest is severely wounded.
Casting: Shock (safe; 2% risk of failure)
Confirm with . or Enter, or press ? or * to list all spells.
Aiming: Shock (safe; 2% risk of failure)
Press: ? - help, Shift-Dir - straight line, p - orc priest The zap hits the orc priest.
The orc priest is severely wounded.
The zap misses the orc priest.
The zap misses the worker ant.
The orc priest mumbles some strange prayers to Beogh against you.
Beogh smites you!
You die...

####### #######
....(..#### #.....#
.......ao)## #.....#
.......##@.###.....######
.oo..o. ##.........#....#
.o.o... ♣P♣≈≈≈≈♣.^.....#
..o.P♣P ♣≈♣♣≈≈≈♣♣♣♣♣...#
.≈♣♣♣P≈ ≈P≈≈≈P≈♣♣♣♣♣♣÷.#
. ≈≈ ≈♣≈≈≈≈≈≈≈≈≈≈P≈P≈#
P≈≈≈≈≈≈≈≈≈≈≈≈P≈≈≈≈≈♣#
≈P≈≈≈≈≈≈≈≈≈≈≈≈≈P≈≈≈♣
≈≈≈≈≈≈≈≈≈≈≈≈≈≈P≈≈≈≈≈♣


You could see a worker ant and an orc priest.

Vanquished Creatures
  2 orc priests (D:3)
  3 gnolls (D:2)
  3 adders
  2 dart slugs
  3 leopard geckos
  6 orcs (D:3)
  3 giant cockroaches
  2 goblins (D:2)
  8 hobgoblins
  8 jackals
  A quokka (D:2)
  3 bats (D:2)
  4 frilled lizards (D:2)
  8 kobolds
  6 rats
  A spectral orc (D:2)
63 creatures vanquished.

Notes
Turn   | Place    | Note
-------+----------+-------------------------------------------
     0 | D:1      | pasperui the Gnoll Reaver began the quest for the Orb.
     0 | D:1      | Reached XP level 1. HP: 23/23 MP: 6/6
   285 | D:1      | Reached XP level 2. HP: 25/29 MP: 7/7
   872 | D:2      | Reached skill level 5 in Spellcasting
   872 | D:2      | Reached XP level 3. HP: 35/35 MP: 7/9
   880 | D:2      | Reached * piety under Vehumet
   880 | D:2      | Offered knowledge of Sandblast by Vehumet.
   902 | D:2      | Reached skill level 1 in Invocations
   937 | D:2      | Found a blossoming altar of Fedhas.
  1079 | D:2      | Reached skill level 1 in Short Blades
  1079 | D:2      | Reached skill level 1 in Axes
  1079 | D:2      | Reached skill level 1 in Maces & Flails
  1079 | D:2      | Reached skill level 1 in Polearms
  1079 | D:2      | Reached skill level 1 in Staves
  1079 | D:2      | Reached skill level 1 in Slings
  1079 | D:2      | Reached skill level 1 in Bows
  1079 | D:2      | Reached skill level 1 in Crossbows
  1079 | D:2      | Reached skill level 1 in Throwing
  1079 | D:2      | Reached skill level 1 in Armour
  1079 | D:2      | Reached skill level 1 in Stealth
  1079 | D:2      | Reached skill level 1 in Shields
  1079 | D:2      | Reached skill level 1 in Unarmed Combat
  1079 | D:2      | Reached skill level 1 in Evocations
  1124 | D:2      | Found a basalt altar of Yredelemnul.
  1219 | D:2      | Learned a level 1 spell: Sandblast
  1338 | D:2      | Reached XP level 4. HP: 37/41 MP: 11/11
  1652 | D:3      | Reached skill level 1 in Conjurations
  1652 | D:3      | Reached skill level 1 in Hexes
  1652 | D:3      | Reached skill level 1 in Charms
  1652 | D:3      | Reached skill level 1 in Summonings
  1652 | D:3      | Reached skill level 1 in Necromancy
  1652 | D:3      | Reached skill level 1 in Translocations
  1652 | D:3      | Reached skill level 1 in Transmutations
  1652 | D:3      | Reached skill level 1 in Fire Magic
  1652 | D:3      | Reached skill level 1 in Ice Magic
  1652 | D:3      | Reached skill level 1 in Air Magic
  1652 | D:3      | Reached skill level 1 in Earth Magic
  1652 | D:3      | Reached skill level 1 in Poison Magic
  1693 | D:3      | Reached ** piety under Vehumet
  1693 | D:3      | Offered knowledge of Shock by Vehumet.
  1699 | D:3      | Learned a level 1 spell: Shock
  1794 | D:3      | Reached XP level 5. HP: 45/47 MP: 12/12
  1831 | D:3      | Killed from afar by an orc priest

Skill      XL: |  1  2  3  4 |
---------------+-------------+-----
Spellcasting   | 5 |  5.2
Invocations    | 1 |  1.7
Short Blades   | 1 |  1.5
Axes           | 1 |  1.5
Maces & Flails | 1 |  1.5
Polearms       | 1 |  1.5
Staves         | 1 |  1.5
Slings         | 1 |  1.5
Bows           | 1 |  1.5
Crossbows      | 1 |  1.5
Throwing       | 1 |  1.5
Armour         | 1 |  1.5
Stealth        | 1 |  1.5
Shields        | 1 |  1.5
Unarmed Combat | 1 |  1.5
Evocations     | 1 |  1.5
Conjurations   | 1 |  1.2
Hexes          | 1 |  1.2
Charms         | 1 |  1.2
Summonings     | 1 |  1.2
Necromancy     | 1 |  1.2
Translocations | 1 |  1.2
Transmutations | 1 |  1.2
Fire Magic     | 1 |  1.2
Ice Magic      | 1 |  1.2
Air Magic      | 1 |  1.2
Earth Magic    | 1 |  1.2
Poison Magic   | 1 |  1.2
Fighting       | |  6.7
Long Blades    | |  6.7
Dodging        | |  6.7

Action                   |  1- 3 |  4- 6 || total
-------------------------+-------+-------++-------
Melee: Long sword        |   137 |    44 ||   181
       Bite              |    14 |     5 ||    19
 Cast: Shock             |       |    17 ||    17
 Stab: Sleeping          |     2 |     1 ||     3
  Eat: Chunk             |     2 |     1 ||     3
Armor: Steam dragon scal |    37 |     5 ||    42
Dodge: Dodged            |   103 |    46 ||   149
Block: Other             |     6 |     1 ||     7
